 Dungeon Crawl Stone Soup version 0.30.0 (webtiles) character file.

Game seed: 15196916783324828890

2525 NinjaNoafa the Destroyer (level 9, -1/99 HPs)
             Began as a Gnoll Conjurer on May 6, 2023.
             Was a Priest of Uskayaw.
             Slain by a killer bee (3 damage)
             ... on level 8 of the Dungeon.
             The game lasted 00:16:21 (4518 turns).

NinjaNoafa the Destroyer (Gnoll Conjurer)           Turns: 4518, Time: 00:16:22

Health: -1/99      AC: 28    Str:  6    XL:     9   Next: 54%
Magic:  19/19      EV:  2    Int: 22    God:    Uskayaw [***...]
Gold:   396        SH:  0    Dex: 15    Spells: 7/21 levels left

rFire   . . .        a - +10 whip of Ganijac {pain, Int+2 Dex+4 SInv Stlth-}
rCold   . . .        (no shield)
rNeg    . . .        y - melded +0 robe
rPois   +            (helmet currently unavailable)
rElec   .            n - melded scarf {shadows}
rCorr   .            (gloves currently unavailable)
SInv    +            I - melded +0 pair of boots
Will    .....        w - amulet of magic regeneration
Stlth   ++           c - +4 ring of protection
HPRegen 0.36/turn    f - ring of wizardry
MPRegen 0.56/turn

%: wizardry (x1)
@: lethally poisoned (-1 -> -10), tree-form, attractive, hasted, very quick
A: stationary, stasis, torment immunity, boosted hp, (fangs 1), strong nose,
distributed training, dopey 1, screaming 1, wild magic 1
a: Renounce Religion, Stomp, Line Pass


You were on level 8 of the Dungeon.
You worshipped Uskayaw.
Uskayaw was noncommittal.
You were a tree.
You visited 2 branches of the dungeon, and saw 9 of its levels.

You collected 396 gold pieces.

Inventory:

Hand Weapons
 a - the +10 whip of Ganijac (weapon) {pain, Int+2 Dex+4 SInv Stlth-}
   (You found it on level 7 of the Dungeon)

   Int:       It affects your intelligence (+2).
   Dex:       It affects your dexterity (+4).
   SInv:      It lets you see invisible.
   Stlth:     It makes you less stealthy.
 b - a +1 dagger of venom
Missiles
 o - 4 boomerangs
 x - 15 poisoned darts
 A - 8 javelins
Armour
 n - a scarf of shadows (melded)
 r - a +1 ring mail of poison resistance
 y - a +0 robe (melded)
 I - a +0 pair of boots (melded)
Magical Staves
 M - a staff of earth
Jewellery
 c - a +4 ring of protection (left branch)
 f - a ring of wizardry (right branch)
 w - an amulet of magic regeneration (around neck)
 B - a ring of resist corrosion
 K - a ring of willpower
Scrolls
 e - 4 scrolls of teleportation
 g - a scroll of brand weapon {unknown}
 i - 3 scrolls of enchant weapon {unknown}
 j - a scroll of vulnerability {unknown}
 k - a scroll of silence {unknown}
 l - a scroll of poison {unknown}
 m - 2 scrolls of fog {unknown}
 p - 2 scrolls of blinking {unknown}
 v - a scroll of magic mapping {unknown}
 z - a scroll of amnesia {unknown}
 C - 3 scrolls of immolation {unknown}
 D - a scroll of fear {unknown}
 F - 4 scrolls of noise {unknown}
 G - a scroll of enchant armour {unknown}
 N - 4 scrolls of identify
Potions
 q - a potion of heal wounds {unknown}
 s - a potion of ambrosia
 t - a potion of mutation
 u - 3 potions of haste
 E - a potion of flight
 H - a potion of berserk rage {unknown}
 J - a potion of might {unknown}
 L - a potion of curing {unknown}


   Skills:
 + Level 4.5 Fighting
 + Level 4.5 Short Blades
 + Level 4.5 Long Blades
 + Level 4.5 Axes
 + Level 4.5 Maces & Flails
 + Level 4.5 Polearms
 + Level 4.5 Staves
 + Level 4.5 Ranged Weapons
 + Level 4.5 Throwing
 + Level 4.5 Armour
 + Level 6.5 Dodging
 + Level 6.2 Stealth
 + Level 4.5 Shields
 + Level 4.5 Unarmed Combat
 + Level 6.8 Spellcasting
 + Level 8.1 Conjurations
 + Level 3.7 Hexes
 + Level 3.7 Summonings
 + Level 3.7 Necromancy
 + Level 3.7 Translocations
 + Level 3.7 Transmutations
 + Level 3.7 Fire Magic
 + Level 3.7 Ice Magic
 + Level 3.7 Air Magic
 + Level 3.7 Earth Magic
 + Level 3.7 Poison Magic
 + Level 5.0 Invocations
 + Level 4.5 Evocations


You had 7 spell levels left.
You knew the following spells:

 Your Spells              Type           Power      Damage    Failure   Level
a - Magic Dart            Conj           100%       1d8       1%          1
b - Searing Ray           Conj           100%       2d8       1%          2
c - Dazzling Flash        Conj/Hex       86%        N/A       1%          3
d - Fulminant Prism       Conj/Hex       21%        3d12      4%          4
e - Iskenderun's Mystic   Conj/Tloc      43%        2d10      4%          4

Your spell library contained the following spells:

 Spells                   Type           Power      Damage    Failure   Level
 Lesser Beckoning         Tloc           62%        N/A       1%          2
 Gell's Gravitas          Tloc           31%        N/A       3%          3
 Teleport Other           Tloc           31%        N/A       3%          3


Dungeon Overview and Level Annotations

Branches:
Dungeon (8/15) Zot: 26956  Temple (1/1) D:6 Zot: 5907
   Lair: D:8-11

Altars:
Ashenzari
Cheibriados
Elyvilon
Fedhas
Gozag
Hepliaklqana
Kikubaaqudgha
Qazlal
Uskayaw
Vehumet
Yredelemnul
Zin
The Shining One

Shops:
D:5 (

Annotations:
D:1 1 transporter
D:2 1 runed translucent door, Crazy Yiuf


Innate Abilities, Weirdness & Mutations

You are a tree.
Your roots penetrate the ground, keeping you stationary.
You cannot be teleported.
You are immune to unholy pain and torment.
Your maximum health is greatly increased.
Your equipment is partially melded.
((You have very sharp teeth.))
Your uncanny sense of smell can sniff out nearby items.
Your experience applies equally to all skills.
You are dopey. (Int -2)
You occasionally shout uncontrollably at your foes.
Your spells are a little harder to cast, but a little more powerful.


Message History

The vampire mosquito bites you but does no damage.
The killer bee stings you.
* * * LOW HITPOINT WARNING * * *
It was a potion of mutation.
You feel extremely strange.
You feel less in control of your magic.
You feel the urge to shout.
You feel stupid.
You feel sick. The killer bee barely misses you.
The killer bee stings you but does no damage.
The vampire mosquito bites you but does no damage.
The killer bee stings you but does no damage.
The killer bee stings you.
* * * LOW HITPOINT WARNING * * *
You are lethally poisoned!
The killer bee poisons you!
The killer bee stings you but does no damage.
You are too confused!
It was a potion of flight.
Your roots keep you in place.
* * * LOW HITPOINT WARNING * * *
You feel sick. The vampire mosquito barely misses you.
The killer bee stings you but does no damage.
The killer bee stings you.
* * * LOW HITPOINT WARNING * * *
The killer bee stings you but does no damage.
The vampire mosquito bites you but does no damage.
The killer bee stings you but does no damage.
Okay, then.
Okay, then.
Okay, then.
It was a potion of attraction.
You feel attractive to monsters.
You feel less invigorated.
You feel less confused.
* * * LOW HITPOINT WARNING * * *
You feel sick. The killer bee stings you.
* * * LOW HITPOINT WARNING * * *
The killer bee stings you but does no damage.
The vampire mosquito bites you but does no damage.
The killer bee stings you but does no damage. x2
The killer bee stings you.
You die...

...........#.
#>...........
#...#...... #
#.......#
..###..))#.#
.....).)..# ∆
##.#.<[.y##
........y♣#####
.?......yy....#
..............##
...#....##....<##
..#.....####....#
.........###...##
.......#.......#
...>.........###
....<........#


You could see a vampire mosquito and 3 killer bees.

Vanquished Creatures
  A steam dragon (D:8)
  A vampire mosquito (D:8)
  Menkaure (D:5)
  A water moccasin (D:8)
  A black bear (D:4)
  2 ogres
  An ice beast (D:7)
  A phantom (D:6)
  2 centaurs
  A kobold brigand (D:7)
  2 bullfrogs
  3 scorpions
  9 wights
  6 hounds
  A sleepcap (D:4)
  4 iguanas
  Natasha (thrice) (D:2)
  An orc wizard (D:6)
  7 adders
  A shadow imp (D:5)
  3 white imps
  2 ufetubi
  2 worms
  The ghost of esper6 the Sneak, a weakling AtDe (D:6)
  12 orcs
  5 ball pythons
  2 bats (D:3)
  6 endoplasms
  3 giant cockroaches (D:2)
  6 goblins
  6 hobgoblins
  5 jackals
  14 kobolds
  3 quokkas
  8 frilled lizards
  2 rats (D:1)
129 creatures vanquished.

Vanquished Creatures (others)
  4 fulminant prisms
  5 plants (D:7)
9 creatures vanquished.

Grand Total: 138 creatures vanquished

Notes
Turn   | Place    | Note
-------+----------+-------------------------------------------
     0 | D:1      | NinjaNoafa the Gnoll Conjurer began the quest for the Orb.
     0 | D:1      | Reached XP level 1. HP: 13/13 MP: 6/6
   184 | D:1      | Reached XP level 2. HP: 19/19 MP: 4/7
   192 | D:1      | Learned a level 2 spell: Searing Ray
   653 | D:1      | Reached skill level 5 in Spellcasting
   653 | D:1      | Reached XP level 3. HP: 25/25 MP: 4/9
   925 | D:2      | Learned a level 3 spell: Dazzling Flash
   950 | D:2      | Reached skill level 1 in Invocations
  1136 | D:2      | Noticed Natasha
  1145 | D:2      | Killed Natasha
  1146 | D:2      | Reached skill level 1 in Fighting
  1146 | D:2      | Reached skill level 1 in Short Blades
  1146 | D:2      | Reached skill level 1 in Long Blades
  1146 | D:2      | Reached skill level 1 in Axes
  1146 | D:2      | Reached skill level 1 in Maces & Flails
  1146 | D:2      | Reached skill level 1 in Polearms
  1146 | D:2      | Reached skill level 1 in Staves
  1146 | D:2      | Reached skill level 1 in Ranged Weapons
  1146 | D:2      | Reached skill level 1 in Throwing
  1146 | D:2      | Reached skill level 1 in Armour
  1146 | D:2      | Reached skill level 1 in Shields
  1146 | D:2      | Reached skill level 1 in Unarmed Combat
  1146 | D:2      | Reached skill level 1 in Evocations
  1146 | D:2      | Reached XP level 4. HP: 10/32 MP: 0/11
  1205 | D:2      | Noticed Natasha
  1208 | D:2      | Killed Natasha
  1209 | D:2      | Reached skill level 1 in Hexes
  1209 | D:2      | Reached skill level 1 in Summonings
  1209 | D:2      | Reached skill level 1 in Necromancy
  1209 | D:2      | Reached skill level 1 in Translocations
  1209 | D:2      | Reached skill level 1 in Transmutations
  1209 | D:2      | Reached skill level 1 in Fire Magic
  1209 | D:2      | Reached skill level 1 in Ice Magic
  1209 | D:2      | Reached skill level 1 in Air Magic
  1209 | D:2      | Reached skill level 1 in Earth Magic
  1209 | D:2      | Reached skill level 1 in Poison Magic
  1329 | D:2      | Reached XP level 5. HP: 37/37 MP: 6/12
  1423 | D:2      | Found a runed translucent door.
  1424 | D:2      | Noticed Crazy Yiuf
  1473 | D:2      | Noticed Natasha
  1474 | D:2      | Found a faded altar of an unknown god.
  1486 | D:2      | Killed Natasha
  1531 | D:2      | Prayed at the altar of an unknown god.
  1531 | D:2      | Became a worshipper of Uskayaw the Reveller
  1531 | D:2      | Reached * piety under Uskayaw
  1567 | D:3      | Learned a level 4 spell: Iskenderun's Mystic Blast
  1572 | D:3      | Learned a level 4 spell: Fulminant Prism
  1707 | D:4      | Reached ** piety under Uskayaw
  1728 | D:4      | Reached *** piety under Uskayaw
  1733 | D:4      | Reached XP level 6. HP: 12/44 MP: 3/13
  1858 | D:5      | Entered Level 5 of the Dungeon
  1862 | D:5      | Reached skill level 5 in Dodging
  1902 | D:4      | Noticed a black bear
  1907 | D:4      | Reached **** piety under Uskayaw
  1909 | D:4      | Killed a black bear
  1910 | D:4      | Reached XP level 7. HP: 39/51 MP: 2/15
  2320 | D:5      | Noticed Menkaure
  2327 | D:5      | Killed Menkaure
  2328 | D:5      | Reached skill level 5 in Stealth
  2415 | D:5      | Found Xoumeupnu's Antique Weapon Emporium.
  2578 | D:5      | Reached XP level 8. HP: 58/58 MP: 12/16
  2782 | D:6      | Found a staircase to the Ecumenical Temple.
  2860 | Temple   | Entered the Ecumenical Temple
  3144 | D:6      | Found a runed translucent door.
  3144 | D:6      | Noticed esper6's ghost (weakling AtDe)
  3594 | D:6      | Killed esper6's ghost
  3767 | D:7      | Identified the +10 whip of Ganijac {pain, Int+2 Dex+4 SInv
                  | Stlth-}
  3784 | D:7      | Found a radiant altar of Vehumet.
  3791 | D:7      | Found a stormy altar of Qazlal.
  3905 | D:7      | Reached XP level 9. HP: 50/65 MP: 6/18
  3906 | D:7      | Reached ***** piety under Uskayaw
  4407 | D:7      | Found a white marble altar of Elyvilon.
  4503 | D:8      | Reached skill level 8 in Conjurations
  4505 | D:8      | Noticed a hornet
  4508 | D:8      | Reached skill level 5 in Invocations
  4516 | D:8      | Gained mutation: Your spells are a little harder to cast,
                  | but a little more powerful. [potion of mutation]
  4516 | D:8      | Gained mutation: You occasionally shout uncontrollably at
                  | your foes. [potion of mutation]
  4516 | D:8      | Gained mutation: You are dopey. (Int -2) [potion of
                  | mutation]
  4517 | D:8      | HP: 4/99 [killer bee (6)]
  4518 | D:8      | Slain by a killer bee

Illustrated notes

Levels and vault maps discovered:
D:1:      spicycebolla_arrival_risky_transporter, layout_basic,
          kennysheep_minor_cross, chequers_serial_rivers_room_a,
          minmay_indecisive_spiral
D:2:      layout_basic, chequers_ecumenical_altar_simple_redux,
          minmay_misc_feat_rows, minivault_24, uniq_natasha,
          uniq_crazy_yiuf_cottage
D:3:      layout_basic, minmay_misc_feat_alley, nicolae_hexahallways,
          minmay_misc_feat_diagonals, uniq_robin
D:4:      layout_basic, grunt_ministairs_8, minmay_misc_feat_secret_circle,
          nicolae_nh_ransacked_shop
D:5:      layout_gridville, minmay_shop_grid_forest, uniq_menkaure
D:6:      layout_basic, minmay_temple_entry_enclosed_plants,
          hellmonk_ghost_happy_afterlife
D:7:      layout_loops_ring, nicolae_elyvilon_temple_path,
          amethyst_overflow_temple_binary
D:8:      layout_rooms, okawaru_gym_becter, nemelex_altar_shiori,
          mainiacjoe_overflow_surrounded_room
Temple:   bh_familiar_temple

Skill      XL: |  1  2  3  4  5  6  7  8  9 |
---------------+----------------------------+-----
Spellcasting   | 5 6 |  6.8
Invocations    | 1 2 3 4 5 |  5.0
Fighting       | 1 2 3 4 |  4.5
Short Blades   | 1 2 3 4 |  4.5
Long Blades    | 1 2 3 4 |  4.5
Axes           | 1 2 3 4 |  4.5
Maces & Flails | 1 2 3 4 |  4.5
Polearms       | 1 2 3 4 |  4.5
Staves         | 1 2 3 4 |  4.5
Ranged Weapons | 1 2 3 4 |  4.5
Throwing       | 1 2 3 4 |  4.5
Armour         | 1 2 3 4 |  4.5
Shields        | 1 2 3 4 |  4.5
Unarmed Combat | 1 2 3 4 |  4.5
Evocations     | 1 2 3 4 |  4.5
Hexes          | 1 2 3 |  3.7
Summonings     | 1 2 3 |  3.7
Necromancy     | 1 2 3 |  3.7
Translocations | 1 2 3 |  3.7
Transmutations | 1 2 3 |  3.7
Fire Magic     | 1 2 3 |  3.7
Ice Magic      | 1 2 3 |  3.7
Air Magic      | 1 2 3 |  3.7
Earth Magic    | 1 2 3 |  3.7
Poison Magic   | 1 2 3 |  3.7
Dodging        | 5 6 |  6.5
Stealth        | 5 6 |  6.2
Conjurations   | 8 |  8.1

Action                     |  1- 3 |  4- 6 |  7- 9 || total
---------------------------+-------+-------+-------++-------
  Melee: Unarmed           |     6 |       |       ||     6
         Dagger            |     6 |       |     3 ||     9
         Bite              |     2 |     3 |     3 ||     8
         Short sword       |     1 |    13 |    42 ||    56
         Whip              |       |       |     4 ||     4
   Cast: Magic Dart        |    33 |    10 |       ||    43
         Searing Ray       |     9 |    22 |    32 ||    63
         Iskenderun's Myst |       |     5 |    17 ||    22
         Fulminant Prism   |       |       |     4 ||     4
         Dazzling Flash    |       |       |     1 ||     1
    Use: Potion            |       |     1 |     6 ||     7
         Scroll            |       |       |     2 ||     2
   Stab: Sleeping          |       |     2 |     3 ||     5
         Paralysed         |       |       |     1 ||     1
         Invisible         |       |       |     1 ||     1
 Armour: Robe              |     6 |    11 |    17 ||    34
         Skin              |       |       |    20 ||    20
  Dodge: Dodged            |     9 |    26 |    75 ||   110
